 Dungeon Crawl Stone Soup version 0.28.0-43-g3370ac3207 (webtiles) character file.

Game seed: 9942419107766705126

2473 choreboyy the Skirmisher (level 9, -1/78 HPs)
             Began as a White Draconian Wanderer on Mar 21, 2022.
             Was a Priest of Okawaru.
             Slain by an orc warrior
             ... wielding a +0 scimitar
              (19 damage)
             ... on level 7 of the Dungeon.
             The game lasted 00:27:41 (8255 turns).

choreboyy the Skirmisher (White Draconian Wanderer) Turns: 8255, Time: 00:27:43

Health: -1/78      AC:  9    Str: 19    XL:     9   Next: 26%
Magic:  13/18      EV: 13    Int: 19    God:    Okawaru [***...]
Gold:   342        SH:  0    Dex: 10    Spells: 17/20 levels left

rFire   . . .      SeeInvis .   i - +2 war axe (pain)
rCold   + . .      Faith    .   (no shield)
rNeg    . . .      Spirit   .   (armour unavailable)
rPois   .          Reflect  .   (helmet restricted)
rElec   .          Harm     .   y - scarf {+Inv}
rCorr   .          Rampage  .   D - +0 pair of gloves
Will    .....                   b - +0 pair of boots
Stlth   +.........              (no amulet)
HPRegen 0.23/turn               n - +6 ring of strength
MPRegen 0.16/turn               x - +4 ring of slaying

@: no status effects
A: breathe frost, AC +7, unfitting armour, cold resistance 1, cold-blooded
a: Breathe Frost, Renounce Religion, Evoke Invisibility, Heroism


You were on level 7 of the Dungeon.
You worshipped Okawaru.
Okawaru was most pleased with you.
You visited 1 branch of the dungeon, and saw 7 of its levels.

You collected 342 gold pieces.

Inventory:

Hand Weapons
 a - a +0 club
 c - a +0 short sword
 i - a +2 war axe of pain (weapon)
Armour
 b - a +0 pair of boots (worn)
 y - a scarf of invisibility (worn)
 D - a +0 pair of gloves (worn)
Jewellery
 n - a +6 ring of strength (left hand)
 x - a +4 ring of slaying (right hand)
 A - a +4 ring of evasion
Wands
 B - a wand of flame (15)
 F - a wand of mindburst (21)
Scrolls
 e - 13 scrolls of identify {unknown}
 f - 2 scrolls of teleportation {unknown}
 h - 3 scrolls of torment {unknown}
 m - 4 scrolls of fear {unknown}
 q - a scroll of magic mapping {unknown}
 s - a scroll of acquirement {unknown}
 v - a scroll of summoning {unknown}
 w - a scroll of amnesia {unknown}
 C - a scroll of vulnerability {unknown}
 E - a scroll of immolation {unknown}
 G - a scroll of noise {unknown}
Potions
 d - a potion of heal wounds {unknown}
 g - a potion of ambrosia {unknown}
 j - 4 potions of brilliance {unknown}
 k - a potion of mutation {unknown}
 l - a potion of attraction {unknown}
 o - a potion of resistance {unknown}
 p - a potion of magic {unknown}
 r - a potion of invisibility {unknown}
 t - 2 potions of haste {unknown}
 u - 4 potions of curing {unknown}
 z - a potion of cancellation {unknown}
 H - 2 potions of degeneration {unknown}
 I - 2 potions of might {unknown}


   Skills:
 + Level 6.5 Fighting
 + Level 6.3 Dodging
 + Level 6.4 Spellcasting
 - Level 2.8 Conjurations
 - Level 1.0 Necromancy
 + Level 5.2 Fire Magic


You had 17 spell levels left.
You knew the following spells:

 Your Spells              Type           Power      Damage    Failure   Level
a - Foxfire               Conj/Fire      84%        2x1d8     1%          1
b - Scorch                Fire           52%        2d8       1%          2

Your spell library contained the following spells:

 Spells                   Type           Power      Damage    Failure   Level
 Pain                     Necr           36%        1d5       7%          1
 Slow                     Hex            24%        N/A       11%         1
 Inner Flame              Hex/Fire       16%        N/A       11%         3
 Vampiric Draining        Necr           9%         2d6       22%         3
 Confusing Touch          Hex            6%         N/A       32%         3
 Gell's Gravitas          Tloc           6%         N/A       32%         3
 Teleport Other           Tloc           6%         N/A       32%         3
 Dispersal                Tloc           3%         N/A       100%        6


Dungeon Overview and Level Annotations

Branches:
Dungeon (7/15)             Temple (0/1) D:5

Altars:
Fedhas
Okawaru
Qazlal
Trog
Uskayaw
Zin


Innate Abilities, Weirdness & Mutations

You can breathe waves of freezing cold which knock back foes.
Your icy white scales are hard. (AC +7)
You cannot fit into any form of body armour.
Your flesh is cold resistant. (rC+)
You are cold-blooded and may be slowed by cold attacks.


Message History

The foxfire hits the ice beast but does no damage.
The ice beast is moderately wounded.
The foxfire hits the orc warrior.
The orc warrior is lightly wounded.
The ice beast hits you. The ice beast freezes you. You resist.
Casting: Foxfire (safe; 1% risk of failure)
Confirm with . or Enter, or press ? or * to list all spells.
You conjure some foxfire!
The ice beast hits you. The ice beast freezes you. You resist.
You hit the ice beast.
The ice beast is heavily wounded.
You closely miss the orc warrior.
The foxfire hits the ice beast but does no damage.
The ice beast is heavily wounded.
The foxfire hits the ice beast but does no damage.
The ice beast is heavily wounded.
The foxfire hits the ice beast.
The ice beast melts!
The ice beast is heavily wounded.
The orc warrior misses you.
The ice beast hits you but does no damage.
The orc warrior hits you with a +0 scimitar!!
You hit the ice beast.
The ice beast writhes in agony.
Your tail-slap misses the ice beast.
The ice beast is almost dead.
You barely miss the orc warrior.
The ice beast hits you but does no damage.
The orc warrior hits you with a +0 scimitar.
The ice beast hits you but does no damage.
Casting: Foxfire (safe; 1% risk of failure)
Confirm with . or Enter, or press ? or * to list all spells.
You conjure some foxfire!
The orc warrior closely misses you. The ice beast hits you.
The ice beast freezes you. You resist.
* * * LOW HITPOINT WARNING * * *
Casting: Foxfire (safe; 1% risk of failure)
Confirm with . or Enter, or press ? or * to list all spells.
You conjure some foxfire!
The foxfire hits the ice beast but does no damage.
The ice beast is almost dead.
The orc warrior hits you with a +0 scimitar!!
You die...

.....# #...........†)......
.....## .# ##...(.....^......)..
......# #.# #.....###.#.###......
......###.###.............#......
.......#...#..............#......
######.##.##.####.........#......
...(...§#.#...............#######
#######.#'#..[.Yv§........#
#.o#.....o@v........#
##.#.######v........# #..§#
########### #####


You could see an orc warrior (ally target) and an ice beast (ally target).

Vanquished Creatures
  A wraith (D:7)
  A water moccasin (D:6)
  A sky beast (D:7)
  An ice beast (D:5)
  2 black bears (D:7)
  An orc warrior (D:7)
  6 ogres
  2 kobold brigands
  2 scorpions
  A wyvern skeleton (D:5)
  A water moccasin skeleton (D:6)
  A centaur zombie (D:6)
  A gnoll shaman (D:5)
  A jelly (D:6)
  2 hounds (D:4)
  An orc priest (D:7)
  A centaur skeleton (D:6)
  An iguana (D:7)
  10 orc wizards
  Terence (D:3)
  2 killer bee zombies (D:6)
  2 howler monkey zombies (D:7)
  8 gnolls
  A howler monkey skeleton (D:4)
  10 adders
  2 white imps
  An ufetubus (D:5)
  3 worms
  2 dart slugs
  25 orcs
  7 bats
  8 endoplasms
  A giant cockroach (D:1)
  14 goblins
  8 hobgoblins
  3 jackals (D:2)
  2 quokkas
  4 ball pythons
  4 frilled lizards (D:3)
  20 kobolds
  5 rats
170 creatures vanquished.

Vanquished Creatures (collateral kills)
  2 foxfires (D:4)
2 creatures vanquished.

Vanquished Creatures (others)
  457 foxfires
  4 plants (D:4)
461 creatures vanquished.

Grand Total: 633 creatures vanquished

Notes
Turn   | Place    | Note
-------+----------+-------------------------------------------
     0 | D:1      | choreboyy the Draconian Wanderer began the quest for the
                  | Orb.
     0 | D:1      | choreboyy set off with the following items: a +0 club, a +0
                  | pair of boots; and the following spells available to
                  | memorise: Scorch, Foxfire, Pain, Inner Flame, Vampiric
                  | Draining
     0 | D:1      | Reached XP level 1. HP: 14/14 MP: 4/4
     2 | D:1      | Learned a level 1 spell: Foxfire
   222 | D:1      | Reached XP level 2. HP: 20/20 MP: 3/6
   606 | D:1      | Reached skill level 1 in Conjurations
   782 | D:2      | Reached XP level 3. HP: 26/26 MP: 2/7
  1168 | D:2      | Learned a level 2 spell: Scorch
  1193 | D:2      | Reached skill level 1 in Fighting
  1752 | D:2      | Reached XP level 4. HP: 35/35 MP: 1/9
  1894 | D:2      | Found a faded altar of an unknown god.
  2010 | D:3      | Noticed Terence
  2029 | D:3      | Killed Terence
  2408 | D:3      | Found a hide-covered altar of Uskayaw.
  2521 | D:3      | Reached XP level 5. HP: 39/41 MP: 6/10
  2725 | D:4      | Noticed an ogre
  2743 | D:4      | Killed an ogre
  3060 | D:4      | Reached XP level 6. HP: 50/50 MP: 8/12
  3259 | D:4      | Found an iron altar of Okawaru.
  3260 | D:4      | Found a stormy altar of Qazlal.
  3262 | D:4      | Found a blossoming altar of Fedhas.
  3273 | D:4      | Became a worshipper of Warmaster Okawaru
  3317 | D:4      | Noticed a moth of wrath
  3478 | D:4      | Found a bloodstained altar of Trog.
  3808 | D:4      | Found a glowing silver altar of Zin.
  4176 | D:4      | Your scales start taking on an icy white colour.
  4176 | D:4      | Reached XP level 7. HP: 56/57 MP: 7/13
  4176 | D:4      | Gained mutation: Your flesh is cold resistant. (rC+) [White
                  | Draconian growth]
  4718 | D:5      | Entered Level 5 of the Dungeon
  4727 | D:4      | Reached * piety under Okawaru
  4926 | D:5      | Reached skill level 5 in Spellcasting
  5369 | D:5      | Reached skill level 5 in Dodging
  5369 | D:5      | Reached XP level 8. HP: 47/66 MP: 6/15
  5561 | D:5      | Reached ** piety under Okawaru
  5933 | D:5      | Found a staircase to the Ecumenical Temple.
  6031 | D:6      | Reached skill level 5 in Fighting
  7093 | D:7      | Reached *** piety under Okawaru
  7310 | D:7      | Reached XP level 9. HP: 59/75 MP: 5/18
  7320 | D:7      | Reached skill level 5 in Fire Magic
  8255 | D:7      | Slain by an orc warrior

Illustrated notes

Levels and vault maps discovered:
D:1:      matt_arrival_grand_opening, layout_basic
D:2:      layout_loops_ring, nicolae_ecumenical_lake_church,
          minmay_split_cup_small
D:3:      layout_rooms, lemuel_crystal_altar, minmay_misc_feat_chi,
          kennysheep_flooded_box, minmay_goblin_outpost, uniq_terence
D:4:      corexii_shack_village, layout_basic, tgw_trog,
          mainiacjoe_overflow_catwalk,
          chequers_temple_overflow_statue_of_worship,
          chequers_serial_rivers_large_b, serial_bayou_pond_a
D:5:      layout_rooms, temple_hall
D:6:      layout_layer_cave
D:7:      minmay_the_grid_four_pointed_star
          [minmay_the_grid_triangle_9x9_negative_grid,
          minmay_the_grid_triangle_9x9_from_above,
          minmay_the_grid_triangle_9x9_shrine,
          minmay_the_grid_triangle_9x9_subtriangle,
          minmay_the_grid_prize_diamond_cup], layout_rooms,
          grunt_decor_fettered, uniq_crazy_yiuf_cottage

Skill      XL: |  1  2  3  4  5  6  7  8  9 |
---------------+----------------------------+-----
Dodging        | 3 4 5 6 |  6.3
Conjurations   | 1 2 |  2.8
Fighting       | 1 2 3 4 6 |  6.5
Spellcasting   | 4 5 6 |  6.4
Fire Magic     | 4 5 |  5.2
Necromancy     | |  1.0

Action                   |  1- 3 |  4- 6 |  7- 9 || total
-------------------------+-------+-------+-------++-------
Melee: Short sword       |    26 |       |       ||    26
       Tailslap          |     5 |    12 |    15 ||    32
       Unarmed           |     1 |       |       ||     1
       War axe           |    21 |    67 |   103 ||   191
       Punch             |     1 |     3 |       ||     4
 Cast: Foxfire           |    41 |   117 |   187 ||   345
       Scorch            |     3 |       |       ||     3
Armor: Skin              |    28 |    29 |    77 ||   134
Dodge: Dodged            |    58 |    58 |   135 ||   251
